 Dungeon Crawl Stone Soup version 0.31-a0-986-g5e6e4ef867 (webtiles) character file.

Game seed: 490927639233436549

136924 hikkokomori the Gnoll Aeon (level 17, -2/133 HPs)
             Began as a Gnoll Venom Mage on Nov 4, 2023.
             Was the Champion of Cheibriados.
             Slain by an angel
             ... wielding a +3 whip of holy wrath
              (6 damage)
             ... on level 2 of the Elven Halls.
             The game lasted 01:02:26 (23652 turns).

hikkokomori the Gnoll Aeon (Gnoll Venom Mage)      Turns: 23652, Time: 01:02:27

Health: -2/133     AC: 14    Str: 27    XL:     17   Next: 22%
Magic:  43/52      EV: 23    Int: 39    God:    Cheibriados [******]
Gold:   1565       SH: 20    Dex: 27    Spells: 6/41 levels left

rFire   . . .        h - +0 demon whip (venom)
rCold   . . .        Y - +0 kite shield
rNeg    . . .        x - +3 leather armour "Pobo" {Fly rC- MP+9 Slay+4}
rPois   .            F - +3 hat of Pondering {ponderous, Will+ MP+10 Int+5}
rElec   .            D - +0 cloak
rCorr   .            (no gloves)
SInv    .            w - +1 pair of boots
Will    +++..        X - amulet of reflection
Stlth   +++          Z - ring of protection from cold
HPRegen 0.42/turn    P - ring of willpower
MPRegen 0.33/turn

%: reflection
@: flying, glowing, very slow
A: fangs 1, strong nose, distributed training
a: Renounce Religion, Bend Time, Temporal Distortion, Slouch, Step From Time


You were on level 2 of the Elven Halls.
You worshipped Cheibriados.
Cheibriados was exalted by your worship.
You visited 4 branches of the dungeon, and saw 21 of its levels.
You also visited: Ice Cave.

You collected 2431 gold pieces.
You spent 866 gold pieces at shops.

Inventory:

Hand Weapons
 g - a +1 hand cannon of freezing
 h - a +0 demon whip of venom (weapon)
 L - the +8 Vampire's Tooth {megavamp}
   (You found it on level 11 of the Dungeon)
 V - the +7 falchion "Jiecif" {heavy, rElec rF+ Dex+3}
   (You found it on level 1 of the Lair of Beasts)

   Dex+3:     It affects your dexterity (+3).
   rF+:       It protects you from fire.
   rElec:     It insulates you from electricity.
Missiles
 l - 9 curare-tipped darts
 t - 6 darts of dispersal
Armour
 j - a +0 plate armour of cold resistance
 v - a +0 tower shield
 w - a +1 pair of boots (worn)
 x - the +3 leather armour "Pobo" (worn) {Fly rC- MP+9 Slay+4}
   (You found it on level 4 of the Dungeon)

   Slay+4:    It affects your accuracy & damage with ranged weapons and melee
   (+4).
   rC-:       It makes you vulnerable to cold.
   MP+9:      It affects your magic capacity (+9).
   Fly:       It grants you flight.
 D - a +0 cloak (worn)
 F - the +3 hat of Pondering (worn) {ponderous, Will+ MP+10 Int+5}
   (You took it off Gastronok on level 8 of the Dungeon)

   Int+5:     It affects your intelligence (+5).
   Will+:     It increases your willpower.
   MP+10:     It affects your magic capacity (+10).
 I - +0 steam dragon scales
 R - a +2 scale mail of fire resistance
 Y - a +0 kite shield (worn)
Jewellery
 a - a ring of wizardry
 f - a ring of protection from cold
 p - a ring of see invisible
 C - an amulet of faith
 N - a ring of protection from fire
 P - a ring of willpower (right hand)
 X - an amulet of reflection (around neck)
 Z - a ring of protection from cold (left hand)
Talismans
 U - a serpent talisman
Wands
 e - a wand of polymorph (12)
 k - a wand of flame (44)
 s - a wand of digging (5)
 H - a wand of iceblast (28)
 M - a wand of mindburst (13)
 Q - a wand of quicksilver (14)
Scrolls
 d - 3 scrolls of teleportation
 u - 2 scrolls of amnesia
 y - 3 scrolls of blinking
 z - a scroll of immolation
 G - a scroll of fear
 J - 6 scrolls of enchant armour
 W - 9 scrolls of fog
Potions
 b - 2 potions of magic
 c - a potion of berserk rage
 i - 2 potions of curing
 m - 3 potions of resistance
 n - 8 potions of mutation
 o - 3 potions of enlightenment
 q - 3 potions of lignification
 r - a potion of cancellation
 A - a potion of attraction
 B - 3 potions of might
 E - 3 potions of invisibility
 K - 4 potions of heal wounds
 O - a potion of ambrosia
 T - 3 potions of brilliance
Miscellaneous
 S - a phial of floods


   Skills:
 + Level 11.7 Fighting
 + Level 11.7 Short Blades
 + Level 11.7 Long Blades
 + Level 11.7 Axes
 + Level 11.7 Maces & Flails
 + Level 11.7 Polearms
 + Level 11.7 Staves
 + Level 11.7 Ranged Weapons
 + Level 11.7 Throwing
 + Level 11.7 Armour
 + Level 12.5 Dodging
 + Level 12.4 Stealth
 + Level 11.7 Shields
 + Level 11.7 Unarmed Combat
 + Level 12.7 Spellcasting
 + Level 9.9 Conjurations
 + Level 9.9 Hexes
 + Level 9.9 Summonings
 + Level 9.9 Necromancy
 + Level 9.9 Translocations
 + Level 10.1 Transmutations
 + Level 9.9 Fire Magic
 + Level 9.9 Ice Magic
 + Level 9.9 Air Magic
 + Level 9.9 Earth Magic
 + Level 11.3 Poison Magic
 + Level 12.7 Invocations
 + Level 11.7 Evocations
 + Level 10.7 Shapeshifting


You had 6 spell levels left.
You knew the following spells:

 Your Spells              Type           Power      Damage    Failure   Level
a - Arcjolt               Conj/Air       40%        1d50      1%          5
b - Mephitic Cloud        Conj/Pois/Air  81%        N/A       1%          3
c - Olgreb's Toxic Radia  Pois           85%        N/A       1%          4
d - Ignite Poison         Fire/Tmut/Pois 82%        N/A       1%          3
e - Summon Lightning Spi  Summ/Air       80%        N/A       1%          4
f - Irradiate             Conj/Tmut      40%        3d25      1%          5
g - Borgnjor's Vile Clut  Necr/Erth      40%        N/A       1%          5
h - Death Channel         Necr           40%        N/A       6%          6

Your spell library contained the following spells:

 Spells                   Type           Power      Damage    Failure   Level
 Apportation              Tloc           100%       N/A       1%          1
 Shock                    Conj/Air       100%       1d9       1%          1
 Sting                    Tmut/Pois      100%       1d8       1%          1
 Cigotuvi's Dreadful Rot  Necr/Pois/Air  100%       N/A       1%          2
 Jinxbite                 Hex            100%       N/A       1%          2
 Poisonous Vapours        Pois/Air       100%       N/A       1%          2
 Wereblood                Tmut           81%        N/A       1%          2
 Hailstorm                Conj/Ice       80%        3d16      1%          3
 Tukima's Dance           Hex            80%        N/A       1%          3
 Volatile Blastmotes      Fire/Tloc      100%       2d18      1%          3
 Cause Fear               Hex            40%        N/A       1%          4
 Dimensional Bullseye     Hex/Tloc       40%        N/A       1%          4
 Dispel Undead            Necr           80%        3d26      1%          4
 Fulminant Prism          Conj/Hex       40%        3d19      1%          4
 Iskenderun's Mystic Bla  Conj/Tloc      80%        2d16      1%          4
 Sticky Flame             Conj/Fire      80%        2d9       1%          4
 Summon Ice Beast         Ice/Summ       80%        N/A       1%          4
 Alistair's Intoxication  Tmut/Pois      55%        N/A       1%          5
 Fireball                 Conj/Fire      40%        3d16      1%          5
 Metabolic Englaciation   Hex/Ice        40%        N/A       1%          5
 Eringya's Noxious Bog    Tmut/Pois      41%        4d6       4%          6
 Simulacrum               Ice/Necr       40%        N/A       6%          6
 Ozocubu's Refrigeration  Ice            40%        4d16      34%         7
 Ignition                 Fire           40%        3d12      95%         8
 Chain Lightning          Conj/Air       40%        3d53      100%        9
 Dragon's Call            Summ           40%        N/A       100%        9
 Fire Storm               Conj/Fire      40%        8d10      100%        9
 Shatter                  Erth           40%        3d31*     100%        9


Dungeon Overview and Level Annotations

Branches:
Dungeon (12/15)            Temple (0/1) D:4            Lair (5/5) D:10
 Shoals (0/4) Lair:2       Spider (0/4) Lair:3        Slime (0/5) Lair:5
    Orc (2/2) D:12            Elf (2/3) Orc:2         IceCv (visited)

Altars:
Cheibriados
Elyvilon
Hepliaklqana
Ru
Trog
Uskayaw
Vehumet
Xom
Zin
The Shining One

Shops:
D:2 [   Orc:2 [*((?   Elf:1 ::=

Portals:
Trove: D:11 (show abyssal rune of Zot)

Annotations:
D:2 2 transporters
D:3 Grinder
Lair:1 2 transporters, Naiya55's ghost, journeyman FoFi
Orc:1 3 runed translucent doors, math4jedi's ghost, journeyman MiBe


Innate Abilities, Weirdness & Mutations

You have very sharp teeth.
Your uncanny sense of smell can sniff out nearby items.
Your experience applies equally to all skills.


Message History

The angel completely misses you. You block the angel's attack.
You hit the angel but do no damage.
The angel is lightly wounded.
The angel hits you with a +3 whip of holy wrath!
You block the angel's attack. The angel misses you.
You block the angel's attack.
Casting: Olgreb's Toxic Radiance (safe; 1% risk of failure)
Confirm with . or Enter, or press ? or * to list all spells.
An electric hum fills the air.
You block the angel's attack.
The angel hits you with a +3 whip of holy wrath.
You block the angel's attack.
The angel hits you with a +3 whip of holy wrath!
You closely miss the angel. Your bite misses the angel.
The angel is lightly wounded.
The angel hits you with a +3 whip of holy wrath.
The angel closely misses you. You block the angel's attack.
The angel hits you but does no damage.
You completely miss the angel.
The angel is lightly wounded.
You block the angel's attack.
The angel hits you with a +3 whip of holy wrath!
The angel hits you with a +3 whip of holy wrath.
You block the angel's attack. You block the angel's attack. x3
The angel hits you with a +3 whip of holy wrath! x2
The angel completely misses you. The angel barely misses you.
The angel hits you but does no damage. x2; The angel closely misses you.
There is an open gate here.
The angel attacks as it pursues you! You block the angel's attack.
The angel hits you with a +3 whip of holy wrath!
You block the angel's attack. x2
The angel hits you with a +3 whip of holy wrath!
* * * LOW HITPOINT WARNING * * *
The angel hits you with a +3 whip of holy wrath.
* * * LOW HITPOINT WARNING * * *
The angel hits you with a +3 whip of holy wrath!!
* * * LOW HITPOINT WARNING * * *
The angel hits you but does no damage. The angel closely misses you.
The angel hits you with a +3 whip of holy wrath.
You die...

#.................#
#.....#######......
##.....#.....#......
#......#.#.#.#..)..#
#...####.....####..#
#...#......... #..#
#...'..#...._.# #..#
#...A.8....._...#..#
#..@A..#...._ #.#..#
#...#........ ..#..#
#...####.....####..#
#.... .#.#∆ #.... .
.. # #..... # #
#..... .. #......
###


You could see 2 angels and a friendly lightning spire (summoned).

Vanquished Creatures
  Kirke (D:12)
  Gastronok (D:8)
  A frost giant (IceCv)
  A deep elf elementalist (Elf:1)
  Nessos (Lair:4)
  5 dire elephants (Lair:5)
  2 deep elf death magi
  2 deep elf high priests
  2 hydras
  A centaur warrior (D:9)
  17 death yaks
  5 dancing weapons
  A tengu warrior (D:9)
  A boulder beetle (Lair:2)
  4 two-headed ogres
  Erica (D:8)
  4 orc high priests (Orc:2)
  Amaemon (D:8)
  8 deep elf knights
  A fire crab (shapeshifter) (Elf:2)
  A skyshark (Lair:5)
  Sonja (Lair:5)
  A spectral death yak (Lair:5)
  5 skeletal warriors (D:12)
  An obsidian statue (Lair:5)
  A spectral anaconda (Lair:5)
  Pikel (D:7)
  5 orc knights
  4 necromancers (Lair:5)
  A lindwurm (Lair:5)
  4 ugly things
  11 deep elf archers
  22 deep elf pyromancers
  29 deep elf zephyrmancers
  6 orc sorcerers
  3 cyclopes
  A manticore (D:11)
  Joseph (D:8)
  32 elephants
  7 black mambas
  An ice statue (IceCv)
  A dire elephant zombie (Lair:5)
  Maurice (D:8)
  A gargoyle (D:12)
  An orange demon (D:8)
  4 cane toads
  7 rime drakes
  3 kobold demonologists
  13 komodo dragons
  Maggie (D:8)
  A tengu conjurer (D:9)
  3 trolls
  6 polar bears
  2 tyrant leeches (D:11)
  Prince Ribbit (D:7)
  11 blink frogs
  11 dream sheep
  A spectral elephant (Lair:5)
  4 slime creatures (D:12)
  A snapping turtle (Lair:2)
  3 culicivoras (Lair:3)
  2 air elementals (Elf:2)
  4 water elementals
  A wraith (D:11)
  2 vampires (D:11)
  A human (D:12)
  2 shadows
  2 wyverns
  4 hogs (D:12)
  2 basilisks
  69 yaks
  A fire elemental (Elf:2)
  4 vampire mosquitoes (D:11)
  3 steam dragons
  Menkaure (D:5)
  A warg (Orc:1)
  9 water moccasins
  2 acid dragons
  21 orc warriors
  A sky beast (D:7)
  An ice beast (D:6)
  A black bear (D:7)
  7 ogres
  21 wolves
  2 centaurs
  A phantom (D:4)
  A lemure (D:7)
  3 kobold brigands
  A gnoll sergeant (D:12)
  8 bullfrogs
  4 scorpions
  4 wights (D:6)
  7 killer bees
  2 elephant simulacra (Lair:5)
  An electric eel (Lair:2)
  8 howler monkeys
  4 hounds
  Crazy Yiuf (D:5)
  6 jellies
  A gnoll bouda (D:5)
  17 orc priests
  Jessica (D:2)
  8 iguanas
  A sleepcap (D:4)
  Ijyb (D:5)
  22 orc wizards
  Robin (D:3)
  12 gnolls
  7 adders
  A shadow imp (D:5)
  A white imp (D:7)
  A worm (D:2)
  3 dart slugs
  80 orcs
  9 ball pythons
  9 endoplasms
  A giant cockroach (D:4)
  14 goblins
  4 hobgoblins
  2 jackals (D:2)
  5 quokkas
  8 bats
  4 frilled lizards
  28 kobolds
  4 rats (D:2)
734 creatures vanquished.

Vanquished Creatures (collateral kills)
  A hydra (Lair:4)
  A deep elf zephyrmancer (Elf:2)
  An oklob plant (Lair:3)
  A black mamba (Lair:5)
  A cane toad (Lair:3)
  A rime drake (Lair:5)
  2 yaks (Lair:4)
  A basilisk (Lair:4)
  3 water moccasins
  A bullfrog (Lair:4)
  6 wights
  9 jellies (Lair:3)
  A hound (D:6)
  2 shadow imps (D:7)
  An orc (D:8)
  10 endoplasms (Lair:3)
42 creatures vanquished.

Vanquished Creatures (others)
  A deep elf pyromancer (Elf:2)
1 creature vanquished.

Grand Total: 777 creatures vanquished

Notes
Turn   | Place    | Note
-------+----------+-------------------------------------------
     0 | D:1      | hikkokomori the Gnoll Venom Mage began the quest for the
                  | Orb.
     0 | D:1      | Reached XP level 1. HP: 13/13 MP: 6/6
    56 | D:1      | Reached XP level 2. HP: 20/20 MP: 5/7
   231 | D:1      | Reached XP level 3. HP: 21/25 MP: 9/9
   293 | D:1      | Reached skill level 5 in Spellcasting
   608 | D:2      | Reached skill level 1 in Invocations
   612 | D:2      | Learned a level 3 spell: Mephitic Cloud
   729 | D:2      | Reached skill level 1 in Fighting
   729 | D:2      | Reached skill level 1 in Short Blades
   729 | D:2      | Reached skill level 1 in Long Blades
   729 | D:2      | Reached skill level 1 in Axes
   729 | D:2      | Reached skill level 1 in Maces & Flails
   729 | D:2      | Reached skill level 1 in Polearms
   729 | D:2      | Reached skill level 1 in Staves
   729 | D:2      | Reached skill level 1 in Ranged Weapons
   729 | D:2      | Reached skill level 1 in Throwing
   729 | D:2      | Reached skill level 1 in Armour
   729 | D:2      | Reached skill level 1 in Shields
   729 | D:2      | Reached skill level 1 in Unarmed Combat
   729 | D:2      | Reached skill level 1 in Evocations
  1009 | D:2      | Reached skill level 1 in Shapeshifting
  1009 | D:2      | Reached XP level 4. HP: 13/32 MP: 11/11
  1093 | D:2      | Learned a level 4 spell: Olgreb's Toxic Radiance
  1093 | D:2      | Found a transporter.
  1093 | D:2      | Found Faedgh Xuzoll's Armour Boutique.
  1174 | D:2      | Found a transporter.
  1182 | D:2      | Found a snail-covered altar of Cheibriados.
  1257 | D:2      | Became a worshipper of Cheibriados the Contemplative
  1549 | D:2      | Reached skill level 1 in Conjurations
  1549 | D:2      | Reached skill level 1 in Hexes
  1549 | D:2      | Reached skill level 1 in Summonings
  1549 | D:2      | Reached skill level 1 in Necromancy
  1549 | D:2      | Reached skill level 1 in Translocations
  1549 | D:2      | Reached skill level 1 in Fire Magic
  1549 | D:2      | Reached skill level 1 in Ice Magic
  1549 | D:2      | Reached skill level 1 in Air Magic
  1549 | D:2      | Reached skill level 1 in Earth Magic
  1624 | D:2      | Found a faded altar of an unknown god.
  1648 | D:2      | Noticed Jessica
  1651 | D:2      | Killed Jessica
  1652 | D:2      | Reached XP level 5. HP: 37/37 MP: 12/12
  1841 | D:3      | Noticed Robin
  1843 | D:3      | Found a hazy altar of Hepliaklqana.
  1844 | D:3      | Reached * piety under Cheibriados
  1848 | D:3      | Killed Robin
  2010 | D:3      | Noticed Grinder
  2030 | D:3      | Paralysed by Grinder for 2 turns
  2335 | D:3      | Found a faded altar of an unknown god.
  2601 | D:4      | Identified the +3 leather armour "Pobo" {Fly rC- MP+9
                  | Slay+4}
  2696 | D:4      | Reached XP level 6. HP: 39/44 MP: 14/14
  2819 | D:4      | Reached ** piety under Cheibriados
  2915 | D:4      | Reached skill level 5 in Dodging
  3009 | D:4      | Found a staircase to the Ecumenical Temple.
  3045 | D:4      | Reached XP level 7. HP: 17/51 MP: 15/15
  3559 | D:4      | Identified the +2 chain mail of Bedevilment {Rampage
                  | Will+++ Str-5 Slay+2}
  3776 | D:5      | Entered Level 5 of the Dungeon
  3783 | D:5      | Reached skill level 5 in Stealth
  3866 | D:5      | Reached *** piety under Cheibriados
  4065 | D:5      | Reached XP level 8. HP: 56/57 MP: 16/16
  4306 | D:5      | Noticed Menkaure
  4314 | D:5      | Killed Menkaure
  4530 | D:5      | Noticed Ijyb
  4540 | D:5      | Killed Ijyb
  4663 | D:5      | Identified a scroll of acquirement
  4663 | D:5      | Identified the "Lomm" (You acquired it on level 5 of the
                  | Dungeon)
  4663 | D:5      | Acquired the Spellbook of Electric Variation
  4669 | D:5      | Learned a level 3 spell: Ignite Poison
  4869 | D:5      | Found a runed translucent door.
  4870 | D:5      | Noticed Crazy Yiuf
  4987 | D:5      | Killed Crazy Yiuf
  5079 | D:6      | Found a sacrificial altar of Ru.
  5106 | D:6      | Reached **** piety under Cheibriados
  5109 | D:6      | Found a hide-covered altar of Uskayaw.
  5291 | D:6      | HP: 1/54 [wight/+1 mace (4)]
  5564 | D:6      | Reached XP level 9. HP: 50/65 MP: 18/18
  5569 | D:6      | Learned a level 4 spell: Summon Lightning Spire
  6032 | D:7      | Noticed Prince Ribbit
  6047 | D:7      | Killed Prince Ribbit
  6048 | D:7      | Reached skill level 5 in Invocations
  6304 | D:7      | Reached ***** piety under Cheibriados
  6327 | D:7      | Noticed Pikel
  6332 | D:7      | Killed Pikel
  6333 | D:7      | Reached skill level 5 in Fighting
  6333 | D:7      | Reached skill level 5 in Short Blades
  6333 | D:7      | Reached skill level 5 in Long Blades
  6333 | D:7      | Reached skill level 5 in Axes
  6333 | D:7      | Reached skill level 5 in Maces & Flails
  6333 | D:7      | Reached skill level 5 in Polearms
  6333 | D:7      | Reached skill level 5 in Staves
  6333 | D:7      | Reached skill level 5 in Ranged Weapons
  6333 | D:7      | Reached skill level 5 in Throwing
  6333 | D:7      | Reached skill level 5 in Armour
  6333 | D:7      | Reached skill level 5 in Shields
  6333 | D:7      | Reached skill level 5 in Unarmed Combat
  6333 | D:7      | Reached skill level 5 in Evocations
  6333 | D:7      | Reached XP level 10. HP: 72/74 MP: 11/20
  7033 | D:7      | Found a shimmering altar of Xom.
  7447 | D:8      | Noticed Amaemon
  7447 | D:8      | Noticed an orange demon
  7452 | D:8      | Killed an orange demon
  7453 | D:8      | Reached skill level 5 in Transmutations
  7455 | D:8      | Killed Amaemon
  7456 | D:8      | Reached skill level 5 in Shapeshifting
  7775 | D:8      | Reached XP level 11. HP: 81/81 MP: 22/22
  7795 | D:8      | Noticed Joseph
  7802 | D:8      | Killed Joseph
  7803 | D:8      | Reached skill level 5 in Conjurations
  7803 | D:8      | Reached skill level 5 in Hexes
  7803 | D:8      | Reached skill level 5 in Summonings
  7803 | D:8      | Reached skill level 5 in Necromancy
  7803 | D:8      | Reached skill level 5 in Translocations
  7803 | D:8      | Reached skill level 5 in Fire Magic
  7803 | D:8      | Reached skill level 5 in Ice Magic
  7803 | D:8      | Reached skill level 5 in Air Magic
  7803 | D:8      | Reached skill level 5 in Earth Magic
  7885 | D:8      | Noticed Gastronok
  7886 | D:8      | Noticed Maggie
  7893 | D:8      | Killed Maggie
  7897 | D:8      | Killed Gastronok
  8017 | D:8      | Learned a level 5 spell: Arcjolt
  8023 | D:8      | Learned a level 5 spell: Irradiate
  8088 | D:8      | Noticed Erica
  8092 | D:8      | Killed Erica
  8272 | D:8      | Noticed Maurice
  8277 | D:8      | Killed Maurice
  8507 | D:9      | Noticed a two-headed ogre
  8512 | D:9      | Killed a two-headed ogre
  8848 | D:9      | Noticed a red ugly thing
  8852 | D:9      | Killed a red ugly thing
  8852 | D:9      | Noticed a purple ugly thing
  8860 | D:9      | Killed a purple ugly thing
  8923 | D:9      | Noticed a tengu warrior
  8927 | D:9      | Killed a tengu warrior
  8963 | D:9      | Reached XP level 12. HP: 89/89 MP: 24/24
  9261 | D:10     | Entered Level 10 of the Dungeon
  9270 | D:10     | Found a radiant altar of Vehumet.
  9356 | D:10     | Found a staircase to the Lair.
  9605 | D:10     | Reached ****** piety under Cheibriados
  9687 | D:10     | Noticed a two-headed ogre
  9698 | D:10     | Killed a two-headed ogre
  9867 | D:10     | Noticed a catoblepas
 10154 | Lair:1   | Entered Level 1 of the Lair of Beasts
 10264 | Lair:1   | Noticed Naiya55's ghost (journeyman FoFi)
 10266 | Lair:1   | Found a bloodstained altar of Trog.
 10921 | Lair:1   | Identified the +7 falchion "Jiecif" {heavy, rElec rF+
                  | Dex+3}
 11081 | Lair:1   | Found a transporter.
 11081 | Lair:1   | Found a transporter.
 11275 | Lair:2   | Noticed a boulder beetle
 11278 | Lair:2   | Killed a boulder beetle
 11623 | Lair:2   | Noticed a seven-headed hydra
 11632 | Lair:2   | Killed a seven-headed hydra
 11809 | Lair:2   | Reached XP level 13. HP: 98/98 MP: 26/26
 12127 | Lair:2   | Found a staircase to the Shoals.
 12982 | Lair:3   | Found a hole to the Spider Nest.
 13043 | Lair:3   | Reached skill level 10 in Spellcasting
 13941 | Lair:4   | Reached skill level 10 in Dodging
 14365 | Lair:4   | Noticed Nessos
 14370 | Lair:4   | Killed Nessos
 14371 | Lair:4   | Reached XP level 14. HP: 108/108 MP: 28/28
 14615 | Lair:4   | Reached skill level 10 in Stealth
 14891 | IceCv    | Identified the "Usowynk"
 14891 | Lair:5   | Entered Level 5 of the Lair of Beasts
 14952 | Lair:5   | Reached skill level 10 in Invocations
 15074 | Lair:5   | Found a frozen archway.
 15097 | IceCv    | Entered an ice cave
 15659 | IceCv    | Noticed a frost giant
 15672 | IceCv    | Killed a frost giant
 16040 | Lair:5   | Learned a level 5 spell: Borgnjor's Vile Clutch
 16229 | Lair:5   | Reached skill level 10 in Poison Magic
 16230 | Lair:5   | Reached XP level 15. HP: 83/115 MP: 16/30
 16400 | Lair:5   | Reached skill level 10 in Fighting
 16400 | Lair:5   | Reached skill level 10 in Short Blades
 16400 | Lair:5   | Reached skill level 10 in Long Blades
 16400 | Lair:5   | Reached skill level 10 in Axes
 16400 | Lair:5   | Reached skill level 10 in Maces & Flails
 16400 | Lair:5   | Reached skill level 10 in Polearms
 16400 | Lair:5   | Reached skill level 10 in Staves
 16400 | Lair:5   | Reached skill level 10 in Ranged Weapons
 16400 | Lair:5   | Reached skill level 10 in Throwing
 16400 | Lair:5   | Reached skill level 10 in Armour
 16400 | Lair:5   | Reached skill level 10 in Shields
 16400 | Lair:5   | Reached skill level 10 in Unarmed Combat
 16400 | Lair:5   | Reached skill level 10 in Evocations
 17366 | Lair:5   | Found a staircase to the Slime Pits.
 17665 | Lair:5   | Noticed Sonja
 17670 | Lair:5   | Killed Sonja
 19132 | D:11     | Found a portal to a secret trove of treasure.
 19165 | D:11     | Found the +8 Vampire's Tooth {megavamp}
 19701 | D:12     | Noticed Kirke
 19707 | D:12     | Killed Kirke
 19813 | D:12     | Found a staircase to the Orcish Mines.
 20490 | Orc:1    | Entered Level 1 of the Orcish Mines
 20599 | Orc:1    | Found a runed translucent gate.
 20599 | Orc:1    | Found a runed translucent gate.
 20599 | Orc:1    | Found a runed translucent gate.
 20882 | Orc:1    | Reached XP level 16. HP: 123/124 MP: 31/31
 20919 | Orc:1    | Noticed math4jedi's ghost (journeyman MiBe)
 21087 | Orc:2    | Entered Level 2 of the Orcish Mines
 21143 | Orc:2    | Found a staircase to the Elven Halls.
 21144 | Orc:2    | Found Gomurirr's Armour Shoppe.
 21441 | Orc:2    | Found Fifithoy's Magic Scroll Boutique.
 21457 | Orc:2    | Reached skill level 10 in Shapeshifting
 21677 | Orc:2    | Found Loinn's Antique Weapon Emporium.
 21715 | Orc:2    | Found Nazocax's Weapon Emporium.
 21717 | Orc:2    | Found Litagusy's General Store.
 21841 | Vaults:5 | Identified the of Bythuler
 21841 | Crypt:2  | Identified the "Woytiew"
 21841 | Crypt:3  | Identified the of Rakhejui
 21841 | Crypt:3  | Identified the "Uziza"
 21841 | Depths:2 | Identified the "Ywnes"
 21841 | Depths:2 | Identified the "Fogenet"
 21841 | Depths:3 | Identified the of Daejid
 21841 | Elf:1    | Entered Level 1 of the Elven Halls
 22005 | Elf:1    | Identified the +5 scale mail "Bocwitai" {Rampage rCorr
                  | Slay+3}
 22454 | Elf:1    | Found Badig's Jewellery Emporium.
 22454 | Elf:1    | Found Dukk's Book Shop.
 22455 | Elf:1    | Found Janoadghepu's Book Shop.
 22489 | Elf:1    | Bought a book of Decay for 450 gold pieces
 22546 | Elf:1    | Bought a book of the Tundra for 416 gold pieces
 22567 | Elf:1    | Learned a level 6 spell: Death Channel
 23027 | Desolati | Identified the of Eba Eroc
 23027 | Desolati | Identified the "Qoschuma"
 23027 | Desolati | Identified the "Zuxa"
 23027 | Desolati | Identified the "Kuciev"
 23027 | Desolati | Identified the "Inemig"
 23029 | Elf:2    | Paralysed by an air elemental for 1 turns
 23032 | Elf:2    | Paralysed by an air elemental for 1 turns
 23345 | Elf:2    | Reached skill level 10 in Transmutations
 23345 | Elf:2    | Reached XP level 17. HP: 74/131 MP: 22/33
 23402 | Elf:2    | Paralysed by an air elemental for 1 turns
 23406 | Elf:2    | Paralysed by an air elemental for 1 turns
 23623 | Elf:2    | Found a white marble altar of Elyvilon.
 23623 | Elf:2    | Found a glowing silver altar of Zin.
 23639 | Elf:2    | Found a glowing golden altar of the Shining One.
 23652 | Elf:2    | HP: 4/133 [angel/+3 whip of holy wrath (24)]
 23652 | Elf:2    | Slain by an angel

Illustrated notes

Levels and vault maps discovered:
D:1:      scummos_arrival_gate, layout_rooms
D:2:      wad_woods_tower, layout_basic, serial_shops, nicolae_shop_drivethru,
          hellmonk_ecumenical_altar_slurped_away, basic_altar,
          minmay_tetromino_o2, uniq_jessica
D:3:      layout_basic, nicolae_hepliaklqana_hazy_memory,
          nicolae_overflow_ecumenical_swirl, uniq_robin, uniq_grinder
D:4:      layout_basic, minmay_temple_entry_waves
D:5:      layout_cave_pods, uniq_ijyb, uniq_crazy_yiuf_cottage, uniq_menkaure
D:6:      layout_loops_cross, eat_drink_and_be_merry_uskayaw,
          nicolae_ru_awakened_eye
D:7:      minmay_opposing_rooms, layout_loops_ring,
          mainiacjoe_overflow_concentric_impassable, uniq_pikel,
          uniq_prince_ribbit1
D:8:      layout_loops_corners, uniq_joseph, uniq_gastronok, uniq_maggie,
          uniq_maurice, uniq_erica, uniq_amaemon
D:9:      minmay_distorted_concentric_squares, layout_basic
D:10:     layout_irregular_city, fiery_altar_vehumet, lair_entry_dummy,
          lightli_corner_chamber
D:11:     layout_small_grid, nicolae_trove_entry_isolated,
          minmay_guarded_unrand_vampires_tooth
D:12:     layout_basic, david_orc_5, uniq_kirke
Lair:1:   layout_regular_city, gammafunk_ghost_wrathful_warriors
Lair:2:   layout_hall_layers, minmay_shoals_entry_hut
Lair:3:   lemuel_slime, layout_cave_pods, hellmonk_spider_entry_life_and_decay,
          lemuel_fruit_tree
Lair:4:   layout_roguey, uniq_nessos
Lair:5:   due_jungle_book, layout_concentric_octagons, dpeg_slime_entry_corner,
          portal_ice_cave_entry_pillars_1, uniq_sonja
Orc:1:    layout_caves, ebering_ghost_rock_garden, basic_altar
Orc:2:    st_orc_elflike, layout_caves, serial_shops, nicolae_shop_trees
Elf:1:    minmay_elf_arrival_summoners, layout_gridlike,
          kennysheep_underground_church, minmay_misc_feat_alley,
          grunt_megastairs_4, minmay_shop_grove
Elf:2:    elven_hall_of_blades_hangedman_original [mumra_blade_entry_bloodbath],
          layout_loops_cross, portal_desolation_entry_holy_temple

Skill      XL: |  1  2  3  4  5  6  7  8  9 10 11 12 13 14 15 16 |
---------------+-------------------------------------------------+-----
Transmutations | 2 3 4 5 6 7 8 9 10 | 10.1
Spellcasting   | 5 6 7 8 9 10 11 12 | 12.7
Invocations    | 1 2 3 4 5 6 7 8 9 10 11 12 | 12.7
Fighting       | 1 2 3 5 6 8 9 10 11 | 11.7
Short Blades   | 1 2 3 5 6 8 9 10 11 | 11.7
Long Blades    | 1 2 3 5 6 8 9 10 11 | 11.7
Axes           | 1 2 3 5 6 8 9 10 11 | 11.7
Maces & Flails | 1 2 3 5 6 8 9 10 11 | 11.7
Polearms       | 1 2 3 5 6 8 9 10 11 | 11.7
Staves         | 1 2 3 5 6 8 9 10 11 | 11.7
Ranged Weapons | 1 2 3 5 6 8 9 10 11 | 11.7
Throwing       | 1 2 3 5 6 8 9 10 11 | 11.7
Armour         | 1 2 3 5 6 8 9 10 11 | 11.7
Shields        | 1 2 3 5 6 8 9 10 11 | 11.7
Unarmed Combat | 1 2 3 5 6 8 9 10 11 | 11.7
Evocations     | 1 2 3 5 6 8 9 10 11 | 11.7
Shapeshifting  | 1 2 3 4 5 6 7 8 9 10 | 10.7
Conjurations   | 1 2 3 4 5 6 7 8 9 |  9.9
Hexes          | 1 2 3 4 5 6 7 8 9 |  9.9
Summonings     | 1 2 3 4 5 6 7 8 9 |  9.9
Necromancy     | 1 2 3 4 5 6 7 8 9 |  9.9
Translocations | 1 2 3 4 5 6 7 8 9 |  9.9
Fire Magic     | 1 2 3 4 5 6 7 8 9 |  9.9
Ice Magic      | 1 2 3 4 5 6 7 8 9 |  9.9
Air Magic      | 1 2 3 4 5 6 7 8 9 |  9.9
Earth Magic    | 1 2 3 4 5 6 7 8 9 |  9.9
Dodging        | 5 6 7 8 9 10 11 12 | 12.5
Stealth        | 5 6 7 8 9 10 11 12 | 12.4
Poison Magic   | 6 7 8 9 10 11 | 11.3

Action                     |  1- 3 |  4- 6 |  7- 9 | 10-12 | 13-15 | 16-18 || total
---------------------------+-------+-------+-------+-------+-------+-------++-------
  Melee: Dagger            |    73 |   128 |   163 |    33 |       |       ||   397
         Bite              |    11 |    11 |    25 |    25 |   114 |    10 ||   196
         Punch             |     1 |       |     5 |    15 |     1 |       ||    22
         Flail             |       |       |    10 |     9 |       |       ||    19
         Demon whip        |       |       |       |    96 |   399 |     6 ||   501
         Falchion          |       |       |       |       |    73 |    97 ||   170
         Quick blade       |       |       |       |       |    60 |       ||    60
   Fire: Sling             |    38 |       |       |       |       |       ||    38
   Cast: Sting             |     2 |       |       |       |       |       ||     2
         Olgreb's Toxic Ra |       |    10 |    16 |    41 |    82 |    36 ||   185
         Mephitic Cloud    |       |       |     2 |     5 |     7 |     1 ||    15
         Summon Lightning  |       |       |     6 |     4 |    14 |     2 ||    26
         Ignite Poison     |       |       |     2 |    40 |    69 |    25 ||   136
         Irradiate         |       |       |       |     1 |    10 |     6 ||    17
         Borgnjor's Vile C |       |       |       |       |    10 |     5 ||    15
         Arcjolt           |       |       |       |       |     3 |     4 ||     7
 Invoke: Step From Time    |       |       |       |       |     1 |       ||     1
    Use: Potion            |     1 |       |     2 |       |     1 |     1 ||     5
         Scroll            |       |     9 |     5 |     9 |     8 |     3 ||    34
   Stab: Sleeping          |     2 |     5 |     9 |     7 |    15 |     6 ||    44
         Distracted        |       |     1 |     2 |       |     4 |     1 ||     8
         Confused          |       |       |     1 |       |       |     1 ||     2
 Armour: Robe              |    50 |    25 |       |       |       |       ||    75
         Ring mail         |       |    17 |       |       |       |       ||    17
         Skin              |       |    11 |       |       |       |       ||    11
         Leather armour    |       |    17 |    80 |   104 |    86 |    87 ||   374
         Scale mail        |       |       |       |       |   140 |       ||   140
  Dodge: Dodged            |    67 |    66 |   108 |   183 |   267 |    87 ||   778
  Block: Kite shield       |       |       |       |       |   521 |   158 ||   679
         Reflection        |       |       |       |       |    10 |    22 ||    32

Table legend: (Time is in decaauts)
 A = Elapsed time spent in this place.
 B = Non-inter-level travel time spent in this place.
 C = Inter-level travel time spent in this place.
 D = Time resting spent in this place.
 E = Time spent auto-exploring this place.
 F = Levels seen in this place.
 G = Mean time per level.
                   A        B        C        D        E       F      G
               +--------+--------+--------+--------+--------+-----+--------+
         Total |  35869 |  34115 |   1754 |   1637 |  25889 |  22 | 1630.4 |
       Dungeon |  17394 |  16385 |   1009 |    644 |  12801 |  12 | 1449.5 |
          Lair |  11801 |  11286 |    515 |    640 |   9079 |   5 | 2360.2 |
  Orcish Mines |   2335 |   2312 |     23 |    110 |   1750 |   2 | 1167.5 |
   Elven Halls |   2966 |   2761 |    205 |      0 |   1845 |   2 | 1483.0 |
      Ice Cave |   1372 |   1372 |      0 |    243 |    411 |   1 | 1372.0 |
               +--------+--------+--------+--------+--------+-----+--------+

Top non-repeatable levels by time:
  Lair:5: 3599 daAuts
  Lair:3: 2448 daAuts
   Elf:1: 2070 daAuts
  Lair:2: 2020 daAuts
  Lair:1: 1888 daAuts
     D:8: 1864 daAuts
  Lair:4: 1844 daAuts
     D:7: 1713 daAuts
     D:5: 1698 daAuts
    D:12: 1696 daAuts
     D:9: 1654 daAuts
    D:10: 1605 daAuts
     D:4: 1596 daAuts
     D:2: 1532 daAuts
     D:6: 1414 daAuts
